 Dungeon Crawl Stone Soup version 0.28.0-53-g5a82cb258f (console) character file.

Game seed: 4303297026562942618

60 Banquo the Chopper (level 4, 0/31 HPs)
             Began as an Octopode Fighter on July 30, 2022.
             Was a Follower of Qazlal.
             Succumbed to an adder's poison
             ... on level 2 of the Dungeon.
             The game lasted 00:04:21 (1921 turns).

Banquo the Chopper (Octopode Fighter)               Turns: 1921, Time: 00:04:21

Health: 0/31       AC:  1    Str: 15    XL:     4   Next: 6%
Magic:  4/4        EV: 13    Int: 10    God:    Qazlal [*.....]
Gold:   32         SH:  6    Dex: 13    Spells: 3/3 levels left

rFire   + . .      SeeInvis .   a - +0 war axe
rCold   + . .      Faith    .   b - +0 buckler
rNeg    . . .      Spirit   .   (helmet restricted)
rPois   +          Reflect  .   (no amulet)
rElec   +          Harm     .   (no ring)
rCorr   +          Rampage  .   (no ring)
Will    .....                   (no ring)
Stlth   ++........              (no ring)
HPRegen 0.10/turn               (no ring)
MPRegen 0.09/turn               (no ring)
                                (no ring)
                                (no ring)

@: lethally poisoned (0 -> -4), resistant
A: almost no armour, amphibious, 8 rings, camouflage 1, gelatinous body 1,
(nimble swimmer 1), tentacles
a: Renounce Religion


You were on level 2 of the Dungeon.
You worshipped Qazlal.
Qazlal was aware of your devotion.
You visited 1 branch of the dungeon, and saw 2 of its levels.

You collected 56 gold pieces.
You spent 24 gold pieces at shops.

Inventory:

Hand Weapons
 a - a +0 war axe (weapon)
Missiles
 h - 26 stones (quivered)
 i - 5 javelins
Armour
 b - a +0 buckler (worn)
Jewellery
 d - a ring of resist corrosion
Scrolls
 e - 2 scrolls of magic mapping {unknown}
 f - a scroll of fog {unknown}
 g - a scroll of immolation {unknown}
 j - a scroll of identify
 l - a scroll of noise {unknown}
Potions
 c - a potion of might
 k - a potion of resistance


   Skills:
 + Level 3.1 Fighting
 * Level 3.8 Axes
 + Level 3.1 Dodging
 + Level 3.1 Shields
 * Level 0.7 Invocations


You had 3 spell levels left.
You didn't know any spells.
Your spell library was empty.

Dungeon Overview and Level Annotations

Branches:
Dungeon (2/15)

Altars:
Qazlal

Shops:
D:2 ?


Innate Abilities, Weirdness & Mutations

You cannot wear most types of armour.
You are amphibious.
You can wear up to eight rings at the same time.
Your skin changes colour to match your surroundings (Stealth+).
Your rubbery body absorbs attacks. (AC +1, EV +1)
((You are camouflaged when in or above water. (Stealth+)))
You have tentacles for arms and can constrict up to eight enemies at once.


Message History

You closely miss the adder. Your grab misses the adder. You squeeze the adder.
The adder is heavily wounded.
You feel sick. The adder bites you. x2
You are more poisoned.
The adder poisons you!
You are too injured to fight recklessly!
You are too injured to fight recklessly!
You are too injured to fight recklessly!
You are too injured to fight recklessly!
You are too injured to fight recklessly!
You are too injured to fight recklessly!
You barely miss the adder. You grab the adder. Your squeeze misses the adder.
The adder is heavily wounded.
You constrict the adder.
You feel very sick. The adder barely misses you. The adder bites you.
You are lethally poisoned!
The adder poisons you!
You hit the adder.
You kill the adder!
Qazlal accepts your kill.
* * * LOW HITPOINT WARNING * * *
You feel very sick.
You have reached level 4!
Unknown command.
You are lethally poisoned (6 -> -3).
You have 4 tentacles available for constriction.
Your movement speed is average.
Your attack delay is about 1.3.
Unknown command.
It was a potion of resistance.
You feel protected.
* * * LOW HITPOINT WARNING * * *
You feel sick.
Unknown command.
* * * LOW HITPOINT WARNING * * *
You feel sick.
You see here an adder corpse.
* * * LOW HITPOINT WARNING * * *
You feel sick.
You die...

#.##.#####
#.##.#
#.##.#
#.##.#
####....#
#.......#
#†####..#
#.####..#
#.@.....#
#.#####.#
#.# #.#
#.# #.#
###


There were no monsters in sight!

Vanquished Creatures
  An adder (D:2)
  4 ball pythons
  10 bats
  3 endoplasms
  2 giant cockroaches (D:2)
  5 goblins
  5 hobgoblins
  3 jackals (D:2)
  3 frilled lizards
  3 kobolds
  8 rats
47 creatures vanquished.

Vanquished Creatures (others)
  11 plants (D:2)
11 creatures vanquished.

Grand Total: 58 creatures vanquished

Notes
Turn   | Place    | Note
-------+----------+-------------------------------------------
     0 | D:1      | Banquo the Octopode Fighter began the quest for the Orb.
     0 | D:1      | Reached XP level 1. HP: 16/16 MP: 1/1
   241 | D:1      | Reached XP level 2. HP: 13/21 MP: 2/2
   577 | D:1      | Found a faded altar of an unknown god.
   592 | D:1      | Prayed at the altar of an unknown god.
   592 | D:1      | Became a worshipper of Qazlal Stormbringer
   592 | D:1      | Reached * piety under Qazlal
  1068 | D:1      | Reached XP level 3. HP: 25/26 MP: 3/3
  1404 | D:2      | Found Itiolell's Magic Scroll Shoppe.
  1470 | D:2      | Bought a scroll of identify for 24 gold pieces
  1918 | D:2      | Reached XP level 4. HP: 6/31 MP: 4/4
  1920 | D:2      | HP: 1/31 [poisoned by an adder]
  1921 | D:2      | Succumbed to an adder's poison

Illustrated notes

Levels and vault maps discovered:
D:1:      dpeg_arrival_round_a, layout_basic,
          chequers_ecumenical_altar_simple_redux
D:2:      minmay_angry_zag, layout_basic, serial_shops, shop,
          serial_bayou_lagoon_b

Skill      XL: |  1  2 |
---------------+-------+-----
Axes           | 3 |  3.8
Fighting       | |  3.1
Dodging        | |  3.1
Shields        | |  3.1
Invocations    | |  0.7

Action                   |  1- 3 |  4- 6 || total
-------------------------+-------+-------++-------
Melee: War axe           |    84 |       ||    84
       Tentacles         |    15 |       ||    15
       Constrict         |    22 |       ||    22
       Punch             |     2 |       ||     2
  Use: Potion            |       |     1 ||     1
 Stab: Sleeping          |     2 |       ||     2
Armor: Skin              |     6 |       ||     6
Dodge: Dodged            |    63 |       ||    63
Block: Buckler           |    25 |       ||    25
